 Dungeon Crawl Stone Soup version 0.19.0-11-g3fc08b3 (webtiles) character file.

91 Kirk the Chopper (level 4, -1/33 HPs)
             Began as a Demonspawn Gladiator on Nov 8, 2016.
             Killed by divine providence
             ... invoked by an orc priest
              (9 damage)
             ... on level 3 of the Dungeon.
             The game lasted 00:02:22 (1285 turns).

Kirk the Chopper (Demonspawn Gladiator)             Turns: 1285, Time: 00:02:22

Health: -1/33      AC:  6    Str: 16    XL:     4   Next: 34%
Magic:  4/4        EV: 12    Int:  9    God:
Gold:   91         SH:  3    Dex: 14    Spells: 0 memorised, 3 levels left

rFire  . . .     SeeInvis .     a - +0 war axe
rCold  + . .     Gourm    .     k - +0 ring mail
rNeg   . . .     Faith    .     (no shield)
rPois  +         Spirit   .     c - +0 helmet
rElec  .         Reflect  +     (no cloak)
rCorr  .         Harm     .     (no gloves)
MR     .....                    (no boots)
Stlth  +.........               l - +3 amulet of reflection
                                (no ring)
                                b - ring of poison resistance

@: no status effects
A: cold resistance 1, freezing cloud immunity
a: no special abilities


You were on level 3 of the Dungeon.
You were not hungry.

You visited 1 branch of the dungeon, and saw 3 of its levels.

You collected 91 gold pieces.

Inventory:

Hand Weapons
 a - a +0 war axe (weapon)
Missiles
 d - 3 throwing nets (quivered)
Armour
 c - a +0 helmet (worn)
 k - a +0 ring mail (worn)
Jewellery
 b - a ring of poison resistance (left hand)
 g - an uncursed amulet of the gourmand
 l - a +3 amulet of reflection (around neck)
Scrolls
 e - 3 scrolls of identify {unknown}
 h - 4 scrolls of remove curse {unknown}
 j - a scroll of recharging {unknown}
 n - a scroll of fear {unknown}
Potions
 m - a potion of berserk rage {unknown}
Comestibles
 f - 4 bread rations
 i - 3 fruits


   Skills:
 - Level 2.0 Fighting
 + Level 4.5 Axes
 - Level 1.7 Throwing
 + Level 0.8 Armour
 - Level 2.6 Dodging


You had 3 spell levels left.
You didn't know any spells.

Dungeon Overview and Level Annotations

Branches:
Dungeon (3/15)

Altars:


Innate Abilities, Weirdness & Mutations

Your flesh is cold resistant. (rC+)
You are immune to freezing clouds.


Message History

The adder bites you but does no damage. The adder barely misses you.
You hit the adder.
The adder is severely wounded.
The adder barely misses you. x2
An orc priest comes into view. It is wielding a mace.
You barely miss the adder.
The adder is severely wounded.
The orc priest invokes the aid of Beogh against you.
Beogh smites you! The adder barely misses you.
The orc priest mumbles some strange prayers to Beogh against you.
Beogh smites you!
* * * LOW HITPOINT WARNING * * *
An orc comes into view. It is wielding a morningstar.
The orc shouts!
The adder barely misses you.
There is a stone staircase leading up here.
The orc closely misses you. The adder closely misses you.
The orc priest invokes the aid of Beogh against you.
Beogh smites you!
You die...

...##.# o....#
#..... #o...#
#....### #.....
.#.###)oo#
.......S@#
#######.........
....###....
###### ##


You could see an orc priest, an adder and 3 orcs.

Vanquished Creatures
  Terence (D:2)
  2 adders (D:2)
  A worm (D:2)
  2 dart slugs (D:1)
  A giant cockroach (D:1)
  10 goblins
  5 hobgoblins
  6 jackals
  5 kobolds
  2 bats
  3 frilled lizards
  4 rats
42 creatures vanquished.

Notes
Turn   | Place    | Note
-------+----------+-------------------------------------------
     0 | D:1      | Kirk the Demonspawn Gladiator began the quest for the Orb.
     0 | D:1      | Reached XP level 1. HP: 16/16 MP: 1/1
    17 | D:1      | Reached skill level 3 in Axes
   127 | D:1      | Gained mutation: Your flesh is cold resistant. (rC+) [demonic ancestry]
   127 | D:1      | Reached XP level 2. HP: 22/22 MP: 2/2
   557 | D:2      | Gained mutation: You are immune to freezing clouds. [demonic ancestry]
   557 | D:2      | Reached XP level 3. HP: 22/27 MP: 3/3
   754 | D:2      | Reached skill level 4 in Axes
   814 | D:2      | Noticed Terence
   825 | D:2      | Killed Terence
   825 | D:2      | Reached XP level 4. HP: 22/33 MP: 4/4
  1285 | D:3      | Killed from afar by an orc priest

Skill      XL: |  1  2  3 |
---------------+----------+-----
Axes           | 3 4 |  4.5
Fighting       | |  2.0
Throwing       | |  1.7
Armour         | |  0.8
Dodging        | |  2.6

Action                   |  1- 3 |  4- 6 || total
-------------------------+-------+-------++-------
Melee: War axe           |    90 |    33 ||   123
  Eat: Chunk             |     9 |       ||     9
Armor: Leather armour    |     3 |       ||     3
       Ring mail         |    44 |    13 ||    57
Dodge: Dodged            |    62 |    27 ||    89
Block: Other             |     1 |     7 ||     8
